 Dungeon Crawl Stone Soup version 0.30-a0-748-ge6a52f7cba (webtiles) character file.

Game seed: 3901113795224663589

68 Esekla the Sneak (level 4, -1/31 HPs)
             Began as an Octopode Delver on Feb 8, 2023.
             Slain by a centaur
             ... wielding a +0 spear
              (2 damage)
             ... on level 5 of the Dungeon.
             The game lasted 00:01:24 (79 turns).

Esekla the Sneak (Octopode Delver)                    Turns: 79, Time: 00:01:24

Health: -1/31      AC:  1    Str: 11    XL:     4   Next: 19%
Magic:  5/5        EV: 13    Int: 14    God:
Gold:   10         SH:  0    Dex: 13    Spells: 5/5 levels left

rFire   . . .      SeeInvis .    a - +0 falchion
rCold   . . .      Faith    .    (no shield)
rNeg    . . .      Spirit   .    (helmet restricted)
rPois   .          Reflect  .    (no amulet)
rElec   .          Harm     .    (no ring)
rCorr   .          Rampage  .    (no ring)
Will    .....                    (no ring)
Stlth   +++++                    (no ring)
HPRegen 0.25/turn                (no ring)
MPRegen 0.09/turn                (no ring)
                                 (no ring)
                                 (no ring)

@: no status effects
A: almost no armour, amphibious, 8 rings, camouflage 1, gelatinous body 1,
(nimble swimmer 1), tentacles
a: no special abilities


You were on level 5 of the Dungeon.
You visited 1 branch of the dungeon, and saw 1 of its levels.

You collected 10 gold pieces.

Inventory:

Hand Weapons
 a - a +0 falchion (weapon)
Wands
 f - a wand of digging (3)
Scrolls
 b - a scroll of fog
Potions
 e - a potion of haste


   Skills:
 * Level 3.4 Fighting
 * Level 2.5 Long Blades
 * Level 2.3 Dodging
 + Level 7.5 Stealth
 * Level 1.0 Spellcasting


You had 5 spell levels left.
You didn't know any spells.
Your spell library contained the following spells:

 Spells                   Type           Power      Damage    Failure   Level
 Cigotuvi's Dreadful Rot  Necr/Pois/Air  0%         N/A       36%         2
 Dispel Undead            Necr           0%         3d6       95%         4
 Death Channel            Necr           0%         N/A       100%        6


Dungeon Overview and Level Annotations

Branches:
Dungeon (5/15)
 Temple: D:4-7

Altars:


Innate Abilities, Weirdness & Mutations

You cannot wear most types of armour.
You are amphibious.
You can wear up to eight rings at the same time.
Your skin changes colour to match your surroundings (Stealth+).
Your rubbery body absorbs attacks. (AC +1, EV +1)
((You are camouflaged when in or above water. (Stealth+)))
You have tentacles for arms and can constrict up to eight enemies at once.


Message History

You hear a shout!
You hear an angry hiss. x3; You hear a bark!
You hear a shout! x2; You hear a loud, deep croak!
You hear a shout!
You hear an angry hiss.
You hear a shout!
You hear an angry hiss.
You slash the hound!
The hound is almost dead.
You constrict the hound.
You kill the hound!
You constrict the howler monkey. The howler monkey misses you. x2
The hound barely misses you.
A centaur comes into view.
Your Stealth skill increases to level 7!
You have reached level 2!
You have reached level 3!
Your experience leads to an increase in your attributes!
Increase (S)trength, (I)ntelligence, or (D)exterity?
You feel clever. x2
As you read the scroll of fear, it crumbles to dust.
You assume a fearsome visage.
The centaur looks frightened!
The hound looks frightened!
The howler monkey looks frightened!
You constrict the howler monkey.
The howler monkey struggles to escape constriction.
You slash the howler monkey!
You kill the howler monkey!
Your Spellcasting skill increases to level 1!
You have reached level 4!
You start resting.
Magic restored.
You start resting.
The centaur unwields a +0 spear.
The centaur wields a +0 shortbow.
The centaur shoots an arrow.
The arrow barely misses you.
You hear a bark!
The centaur shoots an arrow.
The arrow hits you!
* * * LOW HITPOINT WARNING * * *
The centaur unwields a +0 shortbow.
The centaur wields a +0 spear.
The centaur misses you. The centaur kicks you.
* * * LOW HITPOINT WARNING * * *
The centaur hits you with a +0 spear.
* * * LOW HITPOINT WARNING * * *
The centaur kicks you.
You die...

* ********* *** #.[.....#
*******,, #.......###########
*,,,,,,,,
#......l#.........###.,,,,,,,
#.......#.............,,,,,,,
#.......#...@........#,,,,,,,
#.......#####c###..#(.,,,,,,,
##.......# #.#......#,,,,,**
####........# ###.........,,,,,,*
........#######........$..,,,,,,,
........##......#.........,,,,,,,
........##.#####..........,,,,,,,
>..........##.........$...,,,,,,,
..........................,,,,,,,


You could see a centaur.

Vanquished Creatures
  A howler monkey (D:5)
  A hound (D:5)
2 creatures vanquished.

Notes
Turn   | Place    | Note
-------+----------+-------------------------------------------
     0 | D:5      | Esekla the Octopode Delver began the quest for the Orb.
     0 | D:5      | Reached XP level 1. HP: 16/16 MP: 1/1
     5 | D:5      | Noticed an iguana
    18 | D:5      | Noticed a howler monkey
    28 | D:5      | Noticed a hound
    30 | D:5      | Noticed a hound
    34 | D:5      | Killed a hound
    34 | D:5      | Noticed a centaur
    35 | D:5      | Reached skill level 7 in Stealth
    35 | D:5      | Reached XP level 2. HP: 5/21 MP: 2/2
    35 | D:5      | Reached XP level 3. HP: 6/26 MP: 3/3
    37 | D:5      | Reached skill level 1 in Spellcasting
    37 | D:5      | Reached XP level 4. HP: 8/31 MP: 3/5
    79 | D:5      | HP: 1/31 [centaur/+0 spear (2)]
    79 | D:5      | Slain by a centaur

Illustrated notes

Levels and vault maps discovered:
D:5:      layout_rooms, nicolae_uskayaw_suspiria, uniq_prince_ribbit1,
          uniq_pikel

Skill      XL: |  1  2  3 |
---------------+----------+-----
Stealth        | 7 |  7.5
Spellcasting   | 1 |  1.0
Fighting       | |  3.4
Long Blades    | |  2.5
Dodging        | |  2.3

Action                     |  1- 3 |  4- 6 || total
---------------------------+-------+-------++-------
  Melee: Falchion          |     8 |       ||     8
         Constrict         |     2 |       ||     2
    Use: Scroll            |     2 |       ||     2
  Dodge: Dodged            |     9 |     2 ||    11

Table legend: (Time is in decaauts)
 A = Elapsed time spent in this place.
 B = Non-inter-level travel time spent in this place.
 C = Inter-level travel time spent in this place.
 D = Time resting spent in this place.
 E = Time spent auto-exploring this place.
 F = Levels seen in this place.
 G = Mean time per level.
                   A        B        C        D        E       F      G
               +--------+--------+--------+--------+--------+-----+--------+
         Total |     80 |     80 |      0 |     33 |      0 |   1 |   80.0 |
       Dungeon |     80 |     80 |      0 |     33 |      0 |   1 |   80.0 |
               +--------+--------+--------+--------+--------+-----+--------+

Top non-repeatable levels by time:
     D:5: 80 daAuts
